Map: Oxide LE

Players

MaxPax - Winner!

  • Race: Protoss Protoss

Lambo

  • Race: Zerg Zerg

Event: DreamHack SC2 Masters 2021 Winter

VOD

Have the link to the VOD?

Description

Time

  • Played on: Oct. 6, 2021, 1:57 p.m.
  • Length: 14:09

All games in this series

Show
View Real Time Build Order
Export as new Build Order

MaxPax Protoss - Winner!

Build Orders: 1 Gate Expand, Mass Adepts, Zealot Archon 

Get SALT Encoding   

  12  0:00  Probe  
  13  0:12  Probe  
  14  0:19  Pylon  
  14  0:24  Probe  
  15  0:37  Probe (Chrono Boost)  
  15  0:39  Gateway  
  16  0:47  Probe (Chrono Boost)  
  16  0:49  Assimilator  
  17  0:52  Probe (Chrono Boost)  
  18  1:04  Probe  
  19  1:16  Probe  
  20  1:25  Nexus  
  20  1:35  Cybernetics Core  
  20  1:37  Probe  
  21  1:43  Assimilator  
  21  1:50  Probe  
  21  1:52  Pylon  
  22  2:01  Probe  
  22  2:08  Adept (Chrono Boost)  
  23  2:09  Probe  
  23  2:11  Warp Gate  
  26  2:17  Probe  
  27  2:22  Twilight Council  
  27  2:28  Probe (Chrono Boost)  
  28  2:32  Stalker  
  30  2:38  Probe (Chrono Boost)  
  32  2:46  Probe (Chrono Boost)  
  32  2:48  Probe (Chrono Boost)  
  33  2:53  Probe x2 (Chrono Boost)  
  33  2:54  Robotics Facility  
  35  3:04  Probe  
  37  3:05  Probe  
  37  3:07  Gateway  
  37  3:16  Probe  
  38  3:20  Resonating Glaives (Chrono Boost)  
  38  3:21  Probe  
  38  3:26  Gateway  
  39  3:27  Gateway  
  39  3:28  Probe  
  41  3:35  Adept, Pylon  
  41  3:39  Warp Prism (Chrono Boost)  
  42  3:45  Probe x2  
  46  3:52  Pylon  
  46  3:59  Probe x2  
  46  4:01  Adept  
  50  4:09  Assimilator  
  50  4:10  Pylon  
  50  4:13  Adept  
  52  4:19  Dark Shrine  
  52  4:25  Probe x2  
  54  4:32  Adept x3  
  54  4:33  Adept  
  54  4:37  Shield Battery  
  62  4:38  Assimilator  
  62  4:40  Pylon  
  62  4:58  Adept x2  
  62  4:59  Adept x2  
  70  5:03  Probe x2  
  72  5:07  Pylon  
  72  5:21  Probe  
  67  5:30  Probe  
  62  5:39  Probe  
  62  5:42  Dark Templar x4  
  69  5:44  Nexus  
  69  5:46  Pylon  
  67  5:53  Probe  
  66  6:10  Probe  
  67  6:15  Probe  
  67  6:18  Dark Templar x3, Shield Battery  
  68  6:22  Probe  
  75  6:28  Probe, Forge  
  74  6:35  Blink (Chrono Boost)  
  74  6:36  Probe  
  75  6:41  Probe  
  75  6:43  Gateway  
  75  6:44  Gateway  
  76  6:47  Gateway  
  76  6:48  Gateway, Probe  
  76  6:52  Dark Templar  
  76  6:53  Probe  
  76  6:54  Stalker x3  
  80  6:58  Assimilator, Archon x2  
  80  7:00  Protoss Ground Weapons Level 1  
  84  7:02  Assimilator, Probe x2  
  84  7:05  Probe  
  87  7:11  Observer (Chrono Boost)  
  87  7:14  Probe  
  87  7:15  Probe  
  90  7:19  Probe  
  91  7:24  Pylon  
  91  7:26  Probe  
  91  7:27  Probe  
  93  7:31  Probe  
  94  7:38  Probe  
  93  7:44  Stalker x3  
  93  7:45  Stalker x3  
  93  7:46  Immortal  
  109  7:56  Pylon  
  110  7:59  Pylon  
  110  8:00  Sentry x2  
  110  8:03  Pylon  
  113  8:06  Pylon  
  113  8:15  Stalker x4  
  113  8:18  Pylon  
  121  8:20  Stalker x2  
  121  8:22  Photon Cannon  
  121  8:26  Photon Cannon  
  125  8:31  Stalker x2  
  129  8:39  Stalker x3  
  135  8:48  Robotics Bay  
  135  9:02  Stalker x4  
  141  9:04  Stalker x2  
  141  9:07  Observer  
  139  9:27  Stalker x3  
  139  9:31  Protoss Ground Weapons Level 2 (Chrono Boost)  
  143  9:34  Robotics Facility, Nexus  
  143  9:38  Pylon  
  143  9:40  Disruptor (Chrono Boost)  
  142  9:56  Adept x3  
  142  9:57  Shield Battery  
  142  9:58  Photon Cannon  
  148  10:04  Disruptor (Chrono Boost)  
  151  10:18  Charge (Chrono Boost)  
  151  10:25  Disruptor (Chrono Boost)  
  151  10:27  Stalker x2, Pylon  
  158  10:35  Photon Cannon  
  161  10:36  Disruptor (Chrono Boost)  
  161  10:48  Disruptor (Chrono Boost)  
  161  11:05  Zealot x8  
  161  11:10  Disruptor x2 (Chrono Boost)  
  171  11:32  Adept x2  
  171  11:33  Adept  
  171  11:38  Disruptor (Chrono Boost)  
  169  11:44  Adept x4, Probe  
  169  11:45  Probe x3  
  179  11:57  Probe x2  
  179  11:59  Disruptor (Chrono Boost)  
  174  12:04  Stalker x4, Assimilator  
  174  12:08  Assimilator  
  177  12:16  Gravitic Boosters  
  177  12:20  Observer (Chrono Boost)  
  177  12:22  Zealot x4  
  185  12:27  Robotics Facility  
  185  12:28  Stalker  
  187  12:33  Zealot  
  185  12:42  Photon Cannon  
  185  12:43  Photon Cannon  
  183  12:44  Pylon  
  183  12:48  Stalker x3  
  187  12:53  Pylon  
  187  12:54  Pylon x2  
  187  12:58  Pylon  
  187  13:04  Immortal x2  
  195  13:09  Shield Battery  
  195  13:10  Photon Cannon  
  195  13:12  Stalker x2  
  199  13:13  Pylon  
  199  13:19  Gateway  
  199  13:21  Gateway  
  199  13:23  Pylon  
  199  13:26  Observer  
  180  13:43  Dark Templar x2  
Show
View Real Time Build Order
Export as new Build Order

Lambo Zerg 

Build Orders: Hatch First, Lurkers 

Get SALT Encoding   

  12  0:00  Drone  
  13  0:12  Overlord  
  13  0:16  Drone  
  14  0:31  Drone x2  
  16  0:43  Drone  
  17  0:51  Hatchery  
  17  0:54  Drone  
  17  0:57  Drone  
  18  1:08  Extractor  
  17  1:13  Spawning Pool  
  17  1:15  Drone  
  17  1:18  Drone  
  18  1:27  Drone  
  20  1:40  Drone  
  20  1:49  Overlord  
  20  1:59  Queen  
  22  2:03  Queen  
  22  2:04  Drone, Zergling x2  
  26  2:10  Drone  
  26  2:12  Metabolic Boost  
  27  2:18  Drone  
  28  2:25  Drone  
  28  2:26  Drone  
  30  2:34  Hatchery  
  29  2:38  Drone  
  29  2:43  Queen  
  32  2:47  Overlord  
  32  2:50  Drone  
  33  2:51  Zergling x2  
  33  2:57  Drone  
  35  3:04  Drone  
  36  3:07  Queen  
  36  3:10  Drone  
  39  3:13  Overlord  
  39  3:14  Drone x3  
  42  3:22  Drone x2  
  44  3:29  Overlord  
  44  3:31  Queen  
  44  3:32  Drone x2  
  48  3:39  Drone  
  49  3:41  Overlord  
  49  3:44  Drone x3  
  49  3:46  Queen  
  54  3:52  Roach Warren  
  53  3:57  Drone  
  53  3:58  Drone  
  53  4:00  Zergling x2  
  53  4:01  Drone, Zergling x2  
  53  4:02  Drone  
  59  4:04  Overlord  
  59  4:10  Zergling x6  
  62  4:19  Spore Crawler  
  62  4:20  Spore Crawler  
  62  4:23  Zergling x12  
  66  4:35  Roach x5  
  77  4:40  Roach  
  77  4:41  Overlord  
  77  4:44  Queen  
  81  4:51  Evolution Chamber  
  80  4:56  Roach  
  80  4:59  Overlord  
  80  5:00  Zergling x2, Roach  
  80  5:03  Drone x5  
  80  5:06  Overlord  
  88  5:09  Overlord  
  88  5:10  Drone  
  88  5:13  Overlord  
  89  5:20  Drone x4  
  89  5:27  Drone x2  
  86  5:34  Drone x4  
  88  5:39  Drone x2  
  88  5:42  Extractor  
  86  5:46  Spore Crawler  
  86  5:47  Spore Crawler  
  81  5:50  Drone  
  81  5:52  Drone x4  
  81  5:55  Spore Crawler  
  85  6:00  Drone, Spore Crawler  
  85  6:03  Drone x3  
  85  6:04  Drone  
  84  6:15  Spore Crawler  
  84  6:17  Drone x6  
  85  6:28  Drone x3  
  85  6:30  Drone x2  
  73  6:33  Drone x2  
  73  6:38  Drone, Lair  
  75  6:41  Drone x2  
  75  6:44  Extractor  
  76  6:47  Drone  
  76  6:53  Drone x2  
  77  6:56  Extractor  
  77  6:57  Evolution Chamber  
  77  6:58  Drone  
  77  6:59  Drone x2  
  77  7:00  Drone  
  79  7:02  Drone  
  79  7:05  Drone  
  79  7:07  Drone  
  82  7:08  Extractor  
  82  7:10  Extractor  
  82  7:15  Drone x4  
  84  7:16  Queen x2  
  84  7:21  Overlord  
  88  7:30  Drone x4  
  91  7:39  Drone x5  
  91  7:40  Hatchery  
  90  7:45  Drone x6  
  90  7:46  Glial Reconstitution  
  96  7:55  Hatchery  
  95  8:00  Infestation Pit, Roach x5  
  104  8:06  Roach  
  104  8:07  Roach x3  
  112  8:14  Roach  
  112  8:15  Overlord  
  114  8:20  Overlord  
  114  8:21  Overlord  
  114  8:26  Overlord  
  114  8:28  Overlord  
  114  8:31  Overlord  
  114  8:33  Overlord  
  114  8:37  Roach  
  114  8:38  Ravager x2, Roach x3  
  114  8:39  Ravager x3  
  114  8:40  Hive  
  127  8:42  Roach x3  
  127  8:47  Roach  
  127  8:48  Ravager x2, Roach x2  
  140  8:52  Roach x2  
  140  8:55  Roach  
  147  8:59  Roach x2  
  151  9:03  Roach x3  
  151  9:07  Ravager  
  151  9:08  Roach  
  160  9:10  Roach  
  160  9:13  Roach  
  161  9:17  Roach x3  
  161  9:21  Roach x2  
  161  9:23  Roach x2  
  171  9:26  Roach  
  171  9:27  Roach  
  171  9:33  Roach x2  
  171  9:37  Zergling x2  
  171  9:38  Overlord x2  
  176  9:42  Hydralisk Den  
  176  9:44  Drone  
  176  9:46  Zerg Missile Weapons Level 1  
  176  9:47  Overlord  
  168  9:53  Zergling x16  
  168  9:54  Overlord  
  168  9:58  Zergling x10  
  181  10:00  Overseer  
  181  10:06  Ravager x2, Extractor  
  171  10:07  Extractor  
  171  10:11  Zergling x20  
  182  10:14  Drone x2  
  182  10:15  Lurker Den  
  182  10:16  Drone  
  182  10:18  Drone x2  
  182  10:19  Overseer  
  184  10:22  Drone  
  184  10:25  Viper  
  188  10:29  Drone x2  
  190  10:45  Hydralisk x5  
  200  10:54  Overlord  
  186  11:06  Hatchery  
  186  11:07  Drone x9  
  177  11:12  Hydralisk x4  
  186  11:18  Lurker x3  
  186  11:23  Seismic Spines  
  184  11:27  Overlord  
  183  11:39  Lurker x4  
  185  11:45  Hydralisk, Lurker  
  185  11:46  Hydralisk  
  178  12:03  Hydralisk x3, Hatchery  
  178  12:07  Roach x3  
  186  12:14  Roach x2  
  190  12:20  Roach x5  
  179  12:39  Lurker x2  
  179  12:40  Drone x2  
  179  12:42  Hydralisk x2, Spine Crawler  
  170  12:44  Lurker  
  170  12:45  Spore Crawler  
  170  12:47  Drone x2  
  170  12:48  Drone  
  168  12:54  Lurker  
  168  12:55  Adaptive Talons  
  169  13:00  Lurker  
  170  13:14  Lurker x3  
  170  13:15  Drone  
  170  13:16  Zergling x16  
  182  13:22  Overseer  
  178  13:33  Drone x10  
  155  13:40  Hydralisk x2  
  149  13:43  Hydralisk  

Tags
 
Add a new tag
Caveats
  • Supply blocks, unpowered buildings, or Contaminate may cause inaccurate times.
  • Supply counts are checked every 10 seconds.